Map: Oxide LE

Players

JonSnow

  • Race: Zerg Zerg
  • League: Master

TriGGeR - Winner!

  • Race: Protoss Protoss
  • League: Grandmaster

Event: DreamHack SC2 Masters 2021 Summer

VOD

Have the link to the VOD?

Description

Time

  • Played on: May 28, 2021, 5:35 p.m.
  • Length: 13:58

All games in this series

Show
View Real Time Build Order
Export as new Build Order

JonSnow Zerg 

Build Orders: Hatch First 

Get SALT Encoding   

  12  0:02  Drone  
  13  0:12  Overlord  
  13  0:17  Drone  
  14  0:30  Drone x2  
  16  0:48  Hatchery  
  15  0:51  Drone  
  16  1:06  Spawning Pool  
  16  1:09  Drone  
  16  1:13  Drone  
  16  1:16  Drone  
  18  1:19  Extractor  
  18  1:24  Drone  
  18  1:32  Drone  
  19  1:42  Drone  
  20  1:52  Queen  
  20  1:53  Overlord  
  22  2:01  Queen  
  24  2:02  Zergling x2  
  24  2:05  Zergling x2  
  26  2:10  Drone  
  26  2:14  Drone  
  28  2:22  Metabolic Boost  
  28  2:24  Drone x2  
  30  2:40  Hatchery  
  30  2:42  Drone  
  30  2:46  Drone  
  30  2:47  Drone  
  31  2:52  Overlord  
  31  2:58  Queen  
  33  3:06  Spore Crawler  
  33  3:12  Spore Crawler  
  31  3:13  Drone x4  
  31  3:19  Overlord  
  36  3:21  Drone x2  
  36  3:24  Overlord  
  38  3:30  Overlord  
  38  3:37  Queen  
  40  3:46  Overlord  
  40  3:49  Drone x5  
  40  3:50  Drone  
  40  3:51  Drone  
  40  3:53  Drone x2  
  49  3:58  Queen  
  49  4:01  Drone x2  
  49  4:02  Drone  
  54  4:05  Drone  
  55  4:10  Drone  
  55  4:12  Spore Crawler  
  55  4:14  Drone  
  56  4:18  Drone x2  
  56  4:19  Lair  
  58  4:24  Roach Warren  
  58  4:28  Drone x2  
  59  4:31  Queen  
  59  4:36  Drone x3  
  63  4:40  Drone x2  
  63  4:42  Overlord  
  63  4:44  Drone, Extractor  
  63  4:45  Extractor  
  64  4:47  Drone  
  64  4:48  Drone x2  
  67  4:59  Overlord  
  65  5:00  Drone x4  
  69  5:08  Drone x3  
  69  5:10  Drone x2  
  69  5:11  Queen  
  69  5:12  Extractor x2  
  74  5:14  Extractor  
  74  5:16  Zergling x2  
  74  5:17  Zergling x4, Evolution Chamber  
  74  5:20  Glial Reconstitution  
  74  5:21  Overseer  
  75  5:24  Roach x3  
  81  5:28  Queen  
  83  5:38  Overlord x2  
  83  5:42  Overlord  
  83  5:44  Zerg Missile Weapons Level 1  
  83  5:51  Overlord x2  
  83  5:55  Queen, Overlord x3  
  84  5:58  Spore Crawler  
  84  6:03  Spire  
  82  6:04  Drone x2  
  82  6:05  Drone x5  
  82  6:10  Overlord  
  89  6:16  Drone x2  
  91  6:20  Spore Crawler  
  90  6:26  Overseer  
  90  6:31  Roach x3  
  96  6:36  Hatchery  
  92  6:40  Overseer  
  92  6:44  Drone x2  
  94  6:51  Drone x3  
  94  6:52  Drone, Overlord  
  98  6:58  Spore Crawler  
  98  6:59  Spine Crawler  
  96  7:12  Zergling x20  
  106  7:29  Roach x3  
  112  7:30  Baneling Nest  
  112  7:31  Ravager x4  
  112  7:33  Zergling x6  
  112  7:34  Overseer  
  117  7:42  Drone x3  
  120  7:44  Zergling x6  
  120  7:47  Roach x2  
  120  7:50  Roach  
  129  7:54  Roach  
  129  7:56  Roach  
  133  7:59  Queen, Roach x2  
  133  8:02  Roach x4  
  147  8:09  Roach x6  
  147  8:11  Overlord x3  
  147  8:12  Zerg Missile Weapons Level 2  
  159  8:14  Centrifical Hooks  
  159  8:18  Baneling x4  
  159  8:19  Baneling x3  
  159  8:25  Overlord x2  
  159  8:31  Baneling x7  
  159  8:32  Baneling  
  159  8:33  Ravager x2  
  160  8:35  Zergling x6  
  162  8:42  Spine Crawler  
  162  8:48  Zergling x24  
  166  8:52  Zergling x2  
  166  8:55  Overlord  
  173  9:03  Spore Crawler  
  173  9:07  Zergling x16  
  179  9:15  Zergling x8  
  183  9:20  Baneling x2  
  183  9:22  Extractor x2  
  180  9:29  Roach x6  
  180  9:30  Ravager x2  
  180  9:31  Ravager x4  
  198  9:33  Overseer  
  198  9:36  Baneling x6  
  198  9:47  Baneling x4  
  173  10:00  Overseer  
  173  10:01  Drone x4  
  174  10:13  Mutalisk x9  
  188  10:19  Mutalisk  
  188  10:20  Mutalisk  
  192  10:36  Mutalisk x2  
  192  10:41  Zerg Flyer Weapons Level 1  
  192  10:42  Hatchery  
  195  10:43  Baneling x3  
  195  10:44  Baneling, Zergling x2  
  195  10:45  Zergling x4  
  152  11:14  Zergling x38  
  117  11:42  Corruptor x7  
  122  11:48  Overseer  
  122  11:52  Corruptor  
  122  11:53  Corruptor x2  
  126  12:04  Corruptor  
  126  12:05  Corruptor  
  120  12:14  Drone x4  
  120  12:15  Drone x3  
  125  12:18  Drone x2  
  125  12:19  Drone  
  125  12:22  Drone x2  
  130  12:27  Drone x3  
  130  12:28  Drone  
  134  12:32  Drone x3  
  137  12:40  Corruptor  
  139  12:51  Spine Crawler  
  139  12:52  Corruptor x2  
  139  12:56  Baneling x3  
  139  12:57  Baneling x2  
  142  13:04  Corruptor x2  
  146  13:08  Corruptor  
  146  13:09  Corruptor  
  149  13:15  Roach x4  
  157  13:20  Overseer  
  157  13:24  Overlord x2  
  157  13:25  Roach  
  157  13:26  Roach x3  
  161  13:29  Baneling x2  
  161  13:32  Zergling x4  
Show
View Real Time Build Order
Export as new Build Order

TriGGeR Protoss - Winner!

Build Orders: 1 Gate Expand, Carriers, Zealot Archon 

Get SALT Encoding   

  12  0:00  Probe  
  13  0:12  Probe  
  14  0:19  Pylon  
  14  0:24  Probe  
  15  0:37  Probe (Chrono Boost)  
  15  0:38  Gateway  
  16  0:46  Probe (Chrono Boost)  
  16  0:47  Assimilator  
  17  0:51  Probe (Chrono Boost)  
  18  1:03  Probe  
  19  1:16  Probe  
  20  1:23  Nexus  
  20  1:28  Probe  
  21  1:38  Cybernetics Core  
  21  1:40  Probe  
  21  1:45  Assimilator  
  22  1:51  Pylon  
  22  1:54  Probe  
  23  2:09  Probe  
  23  2:11  Adept (Chrono Boost)  
  26  2:20  Stargate  
  26  2:21  Probe (Chrono Boost)  
  27  2:27  Warp Gate  
  28  2:31  Probe (Chrono Boost)  
  28  2:36  Probe (Chrono Boost)  
  29  2:39  Stalker  
  29  2:41  Probe (Chrono Boost)  
  33  2:45  Probe (Chrono Boost)  
  33  2:49  Probe (Chrono Boost)  
  33  2:50  Probe (Chrono Boost)  
  35  2:59  Probe, Void Ray (Chrono Boost)  
  35  3:02  Probe  
  37  3:12  Probe  
  42  3:14  Probe  
  42  3:17  Pylon  
  41  3:22  Gateway  
  41  3:24  Probe  
  41  3:26  Probe  
  43  3:36  Probe  
  43  3:38  Probe  
  48  3:44  Nexus  
  48  3:46  Pylon  
  48  3:48  Probe, Void Ray (Chrono Boost)  
  45  3:55  Probe  
  50  4:00  Probe  
  51  4:05  Twilight Council  
  51  4:07  Probe  
  51  4:08  Assimilator  
  52  4:12  Probe, Assimilator  
  53  4:17  Void Ray (Chrono Boost)  
  53  4:19  Probe  
  54  4:24  Probe  
  54  4:31  Probe  
  60  4:34  Adept  
  60  4:37  Pylon  
  62  4:45  Dark Shrine  
  62  4:55  Probe x2  
  62  4:57  Pylon  
  64  5:01  Gateway  
  64  5:02  Probe (Chrono Boost), Gateway, Adept  
  67  5:07  Probe (Chrono Boost)  
  67  5:13  Probe x2 (Chrono Boost)  
  70  5:16  Probe (Chrono Boost)  
  70  5:17  Forge  
  70  5:18  Probe (Chrono Boost)  
  70  5:20  Probe (Chrono Boost)  
  73  5:21  Probe (Chrono Boost)  
  73  5:23  Shield Battery  
  73  5:24  Void Ray  
  73  5:26  Pylon  
  73  5:28  Probe  
  75  5:31  Probe  
  75  5:33  Probe  
  81  5:39  Adept  
  81  5:40  Probe  
  84  5:43  Probe  
  84  5:44  Shield Battery  
  84  5:45  Probe  
  84  5:47  Assimilator  
  86  5:52  Assimilator  
  86  5:56  Pylon  
  88  5:58  Dark Templar x2  
  88  5:59  Dark Templar  
  88  6:01  Dark Templar  
  88  6:02  Protoss Ground Weapons Level 1  
  94  6:04  Probe x2, Photon Cannon  
  94  6:08  Photon Cannon  
  96  6:11  Probe  
  96  6:12  Charge (Chrono Boost)  
  97  6:24  Gateway  
  97  6:28  Probe  
  97  6:31  Probe  
  99  6:38  Stalker x2  
  103  6:40  Probe  
  103  6:42  Gateway  
  103  6:44  Gateway  
  103  6:46  Gateway  
  104  6:47  Dark Templar  
  104  6:48  Gateway, Robotics Facility  
  104  6:51  Zealot  
  106  6:57  Pylon  
  106  6:58  Archon x2  
  106  7:00  Pylon x2  
  106  7:03  Photon Cannon  
  106  7:04  Shield Battery  
  106  7:12  Zealot  
  108  7:17  Zealot x2  
  108  7:20  Zealot x2  
  108  7:22  Pylon  
  116  7:30  Fleet Beacon  
  116  7:32  Zealot  
  116  7:35  Observer (Chrono Boost)  
  119  7:39  Templar Archives  
  119  7:49  Immortal (Chrono Boost)  
  123  8:00  Nexus  
  123  8:03  Psionic Storm  
  123  8:04  Pylon  
  121  8:12  Stargate  
  121  8:13  Photon Cannon x2  
  121  8:15  Stargate, Dark Templar  
  121  8:16  Shield Battery x2  
  121  8:18  Dark Templar  
  124  8:22  High Templar  
  124  8:23  High Templar, Immortal (Chrono Boost)  
  132  8:30  Zealot x3  
  132  8:31  Pylon  
  132  8:32  Pylon  
  138  8:41  High Templar  
  138  8:55  Carrier (Chrono Boost)  
  138  9:03  Pylon  
  138  9:09  Dark Templar  
  139  9:11  Protoss Air Weapons Level 1 (Chrono Boost)  
  139  9:17  Carrier (Chrono Boost)  
  145  9:29  Nexus  
  145  9:30  Pylon  
  145  9:31  Photon Cannon  
  145  9:33  Photon Cannon  
  145  9:36  Carrier (Chrono Boost)  
  145  9:38  Nexus  
  151  9:41  Pylon  
  149  9:53  Archon  
  149  9:56  Zealot x7  
  162  10:12  Carrier (Chrono Boost)  
  160  10:14  Probe x3  
  160  10:15  Carrier (Chrono Boost)  
  169  10:22  Dark Templar  
  169  10:28  Shield Battery  
  171  10:30  Shield Battery  
  171  10:31  Probe  
  171  10:34  Probe  
  173  10:36  High Templar  
  173  10:38  Assimilator  
  173  10:40  Assimilator  
  170  10:53  Carrier  
  157  10:57  Zealot x4  
  157  11:02  Stalker x2  
  153  11:09  Zealot x2  
  125  11:24  Carrier  
  125  11:25  High Templar x2  
  120  11:37  Probe  
  120  11:38  Protoss Air Weapons Level 2 (Chrono Boost)  
  121  11:42  Photon Cannon  
  121  11:45  Shield Battery  
  121  11:48  Probe x2  
  121  11:50  Probe x2  
  121  11:52  High Templar  
  121  11:53  High Templar  
  127  12:11  Photon Cannon  
  127  12:13  Photon Cannon, High Templar x2, Shield Battery  
  131  12:18  Archon  
  131  12:20  Dark Templar  
  133  12:26  Probe x2  
  133  12:27  Probe  
  133  12:28  Probe, Assimilator  
  133  12:29  Assimilator  
  137  12:38  Carrier (Chrono Boost)  
  143  12:49  Observer  
  144  12:52  Carrier (Chrono Boost)  
  144  12:58  Zealot  
  150  13:07  Void Ray (Chrono Boost)  
  150  13:08  Zealot  
  150  13:09  Zealot  
  150  13:10  Zealot x2  
  162  13:16  High Templar  
  162  13:18  Zealot x2  
  162  13:19  Zealot  
  170  13:25  Probe  
  171  13:28  Observer  
Tags
 
Add a new tag
Caveats
  • Supply blocks, unpowered buildings, or Contaminate may cause inaccurate times.
  • Supply counts are checked every 10 seconds.